 Dungeon Crawl Stone Soup version 0.29-a0-243-g602b31c20e (webtiles) character file.

Game seed: 13690255277766670155

46 gruber the Bolt Thrower (level 3, 0/21 HPs)
             Began as a Kobold Hunter on Mar 5, 2022.
             Slain by Robin
             ... wielding a +2 short sword of speed
              (5 damage)
             ... on level 2 of the Dungeon.
             The game lasted 00:00:57 (1321 turns).

gruber the Bolt Thrower (Kobold Hunter)             Turns: 1321, Time: 00:00:58

Health: 0/21       AC:  3    Str:  9    XL:     3   Next: 95%
Magic:  3/3        EV: 14    Int: 12    God:
Gold:   56         SH:  0    Dex: 17    Spells: 2/2 levels left

rFire   . . .      SeeInvis .   a - +1 hand crossbow
rCold   . . .      Faith    .   (no shield)
rNeg    . . .      Spirit   .   b - +0 leather armour
rPois   .          Reflect  .   (no helmet)
rElec   .          Harm     .   (no cloak)
rCorr   .          Rampage  .   (no gloves)
Will    .....                   (no boots)
Stlth   +++.......              (no amulet)
HPRegen 0.07/turn               (no ring)
MPRegen 0.08/turn               (no ring)

@: no status effects
A: small, no large weapons, nightstalker 3
a: no special abilities


You were on level 2 of the Dungeon.
You visited 1 branch of the dungeon, and saw 2 of its levels.

You collected 56 gold pieces.

Inventory:

Hand Weapons
 a - a +1 hand crossbow (weapon)
Armour
 b - a +0 leather armour (worn)
Scrolls
 c - 2 scrolls of enchant weapon {unknown}
 e - 2 scrolls of identify {unknown}
 f - a scroll of holy word {unknown}
 h - a scroll of summoning {unknown}
Potions
 d - a potion of heal wounds {unknown}
 g - 2 potions of curing {unknown}


   Skills:
 - Level 2.1 Fighting
 + Level 7.0 Crossbows
 - Level 2.4 Dodging
 - Level 1.3 Stealth


You had 2 spell levels left.
You didn't know any spells.
Your spell library contained the following spells:

 Spells                   Type           Power      Damage    Failure   Level
 Sublimation of Blood     Necr           0%         N/A       56%         2
 Wereblood                Tmut           0%         N/A       56%         2
 Summon Hydra             Summ           0%         N/A       100%        7


Dungeon Overview and Level Annotations

Branches:
Dungeon (2/15)

Altars:
Ashenzari

Annotations:
D:2 Robin


Innate Abilities, Weirdness & Mutations

You are small and have problems with some larger weapons.
You are completely attuned to the shadows.


Message History

You shoot a bolt. The bolt barely misses Robin.
Robin closely misses you.
You shoot a bolt. The bolt barely misses Robin.
Robin hits you with a +2 short sword of speed.
You shoot a bolt. The bolt hits Robin!
Robin is heavily wounded.
Robin misses you.
Robin hits you with a +2 short sword of speed.
You are too injured to fight recklessly!
You are too injured to fight recklessly!
You are too injured to fight recklessly!
Unknown command.
Shoot: a) +1 hand crossbow
Press: ? - help, Q - select action Shift-Dir - straight line, f/p - Robin
Aim: Robin, wielding a +2 short sword of speed, wearing a +0 animal skin and wearing a +0 helmet (heavily wounded, 72% to hit)
You shoot a bolt. The bolt barely misses Robin.
Robin hits you but does no damage.
Robin hits you with a +2 short sword of speed.
* * * LOW HITPOINT WARNING * * *
Shoot: a) +1 hand crossbow
Press: ? - help, Q - select action Shift-Dir - straight line, f/p - Robin
Aim: Robin, wielding a +2 short sword of speed, wearing a +0 animal skin and wearing a +0 helmet (heavily wounded, 72% to hit)
You shoot a bolt. The bolt barely misses Robin.
Robin misses you.
Unknown command.
Unknown command.
Shoot: a) +1 hand crossbow
Press: ? - help, Q - select action Shift-Dir - straight line, f/p - Robin
Aim: Robin, wielding a +2 short sword of speed, wearing a +0 animal skin and wearing a +0 helmet (heavily wounded, 72% to hit)
You shoot a bolt. The bolt hits Robin!
Robin is almost dead.
Robin hits you with a +2 short sword of speed.
* * * LOW HITPOINT WARNING * * *
Robin hits you but does no damage.
Unknown command.
Shoot: a) +1 hand crossbow
Press: ? - help, Q - select action Shift-Dir - straight line, f/p - Robin
Aim: Robin, wielding a +2 short sword of speed, wearing a +0 animal skin and wearing a +0 helmet (almost dead, 72% to hit)
You shoot a bolt. The bolt barely misses Robin.
Robin hits you with a +2 short sword of speed.
You die...

...$.... .g..... .gg...
...)g# #g# #.#
##########.######
#.#######................
#..).).$@g...............
#########.........#......
#.........#......
#.........#..#...
#............#.##
#.........##.....
######...........
#...##.....# #...##.....#


You could see Robin.

Vanquished Creatures
  An adder (D:2)
  A dart slug (D:2)
  A ball python (D:1)
  3 endoplasms
  5 goblins
  6 hobgoblins
  4 jackals (D:1)
  A bat (D:1)
  8 kobolds
  A rat (D:1)
31 creatures vanquished.

Notes
Turn   | Place    | Note
-------+----------+-------------------------------------------
     0 | D:1      | gruber the Kobold Hunter began the quest for the Orb.
     0 | D:1      | Reached XP level 1. HP: 12/12 MP: 1/1
   138 | D:1      | Reached XP level 2. HP: 12/17 MP: 2/2
   403 | D:1      | Reached skill level 6 in Crossbows
   752 | D:2      | Reached XP level 3. HP: 21/21 MP: 3/3
   758 | D:2      | Found a broken altar of Ashenzari.
   986 | D:2      | Found a faded altar of an unknown god.
  1150 | D:2      | Reached skill level 7 in Crossbows
  1312 | D:2      | Noticed Robin
  1321 | D:2      | Slain by Robin

Illustrated notes

Levels and vault maps discovered:
D:1:      dpeg_arrival_central, layout_basic
D:2:      layout_basic, ebering_ecumenical_altar_hall, basic_altar, uniq_robin

Skill      XL: |  1  2  3 |
---------------+----------+-----
Crossbows      | 6 7 |  7.0
Fighting       | |  2.1
Dodging        | |  2.4
Stealth        | |  1.3

Action                   || total
-------------------------++-------
 Fire: Hand crossbow     ||    93
Armor: Leather armour    ||     6
Dodge: Dodged            ||    44

Table legend: (Time is in decaauts)
 A = Elapsed time spent in this place.
 B = Non-inter-level travel time spent in this place.
 C = Inter-level travel time spent in this place.
 D = Time resting spent in this place.
 E = Time spent auto-exploring this place.
 F = Levels seen in this place.
 G = Mean time per level.
                   A        B        C        D        E       F      G
               +--------+--------+--------+--------+--------+-----+--------+
         Total |   1342 |   1323 |     19 |      0 |   1112 |   2 |  671.0 |
       Dungeon |   1342 |   1323 |     19 |      0 |   1112 |   2 |  671.0 |
               +--------+--------+--------+--------+--------+-----+--------+

Top non-repeatable levels by time:
     D:1: 747 daAuts
     D:2: 594 daAuts
